 Dungeon Crawl Stone Soup version 0.28.0-53-g5a82cb258f (webtiles) character file.

Game seed: 10892140200676859211

461 raph the Spear-Bearer (level 7, -14/50 HPs)
             Began as a Merfolk Gladiator on June 27, 2022.
             Killed by divine providence
             ... invoked by an orc priest
              (15 damage)
             ... on level 4 of the Dungeon.
             The game lasted 00:04:36 (2789 turns).

raph the Spear-Bearer (Merfolk Gladiator)           Turns: 2789, Time: 00:04:36

Health: -14/50     AC:  7    Str: 14    XL:     7   Next: 7%
Magic:  7/7        EV: 13    Int:  8    God:
Gold:   138        SH:  0    Dex: 17    Spells: 6/6 levels left

rFire   . . .      SeeInvis .   a - +0 trident
rCold   . . .      Faith    .   (no shield)
rNeg    . . .      Spirit   .   b - +0 leather armour
rPois   .          Reflect  .   c - +0 helmet
rElec   .          Harm     .   (no cloak)
rCorr   .          Rampage  .   i - +2 pair of gloves
Will    .....                   (no boots)
Stlth   +.........              (no amulet)
HPRegen 0.16/turn               (no ring)
MPRegen 0.10/turn               (no ring)

@: no status effects
A: (nimble swimmer 2), mertail
a: no special abilities


You were on level 4 of the Dungeon.
You visited 1 branch of the dungeon, and saw 4 of its levels.

You collected 138 gold pieces.

Inventory:

Hand Weapons
 a - a +0 trident (weapon)
Missiles
 d - a throwing net
 j - 3 poisoned darts (quivered)
Armour
 b - a +0 leather armour (worn)
 c - a +0 helmet (worn)
 i - a +2 pair of gloves (worn)
Scrolls
 g - a scroll of identify
 l - 2 scrolls of teleportation
Potions
 e - a potion of curing
 f - 2 potions of ambrosia
 h - a potion of might
 k - a potion of mutation
 m - a potion of brilliance


   Skills:
 - Level 2.1 Fighting
 + Level 11.1 Polearms
 - Level 2.0 Throwing
 - Level 4.0 Dodging


You had 6 spell levels left.
You didn't know any spells.
Your spell library was empty.

Dungeon Overview and Level Annotations

Branches:
Dungeon (4/15)
 Temple: D:4-7

Altars:
Uskayaw

Annotations:
D:4 1 transporter


Innate Abilities, Weirdness & Mutations

((You are very nimble when in or above water. (Stealth+, EV+, Speed+++)))
Your lower body shifts to a powerful aquatic tail in water.


Message History

The orc priest hits you from afar with a +2 trident of venom.
You are more poisoned.
You reach to attack!
You hit the orc priest.
The orc priest is severely wounded.
You feel very sick. Something hits you but does no damage.
The orc priest closely misses you.
You are too injured to fight recklessly!
You are too injured to fight recklessly!
You are too injured to fight recklessly!
You are too injured to fight recklessly!
You are too injured to fight recklessly!
You are too injured to fight recklessly!
You are too injured to fight recklessly!
You are too injured to fight recklessly!
Reach: a) +0 trident
Press: ? - help, Dir - move target, f/p - orc priest
Aim: an orc priest, wielding a +2 trident of venom (severely wounded, about 35% to evade your +0 trident)
Something you can't see is in the way.
You hit something.
You feel very sick. Something hits you.
Reach: a) +0 trident
Press: ? - help, Dir - move target, f/p - orc priest
Aim: an orc priest, wielding a +2 trident of venom (severely wounded, about 35% to evade your +0 trident)
Something you can't see is in the way.
You closely miss something.
* * * LOW HITPOINT WARNING * * *
You feel very sick. The orc priest closely misses you.
Something hits you but does no damage.
* * * LOW HITPOINT WARNING * * *
You feel very sick.
You hear some strange, mumbled words.
A puff of flame appears from out of thin air!
The puff of flame hits you.
* * * LOW HITPOINT WARNING * * *
You feel better.
The orc priest invokes the aid of Beogh against you.
Beogh smites you!
* * * LOW HITPOINT WARNING * * *
The orc priest mumbles some strange prayers to Beogh against you.
Beogh smites you!
You die...

.. .## .# .o# . .# .o# ..#
. #o# ....#...# ..#...#.##
>...#....#
#......o###################
......oo{)@................
##.#######################.
########. ........#
#######.# ≈≈≈#P8#..
≈..#..#.. ≈..+/©#©.
P..#..#..


You could see 2 orc priests and an orc.

Vanquished Creatures
  Grinder (D:4)
  A hound (D:4)
  2 bullfrog skeletons (D:4)
  Natasha (thrice) (D:2)
  4 adders
  2 dart slugs
  An orc (D:4)
  7 bats
  6 endoplasms
  3 giant cockroaches
  7 goblins
  3 hobgoblins
  9 kobolds
  2 quokkas (D:2)
  4 ball pythons
  6 frilled lizards
  6 rats
67 creatures vanquished.

Notes
Turn   | Place    | Note
-------+----------+-------------------------------------------
     0 | D:1      | raph the Merfolk Gladiator began the quest for the Orb.
     0 | D:1      | Reached XP level 1. HP: 16/16 MP: 1/1
    71 | D:1      | Reached skill level 5 in Polearms
    98 | D:1      | Reached XP level 2. HP: 17/22 MP: 2/2
   495 | D:1      | Reached skill level 6 in Polearms
   495 | D:1      | Reached XP level 3. HP: 22/27 MP: 3/3
   845 | D:2      | Noticed Natasha
   852 | D:2      | Killed Natasha
  1004 | D:2      | Reached skill level 7 in Polearms
  1004 | D:2      | Reached XP level 4. HP: 27/33 MP: 4/4
  1264 | D:2      | You fall into a shaft and drop 1 floor!
  1427 | D:2      | Noticed Natasha
  1437 | D:2      | Killed Natasha
  1543 | D:2      | Noticed Natasha
  1549 | D:2      | Killed Natasha
  1550 | D:2      | Reached skill level 8 in Polearms
  1550 | D:2      | Reached XP level 5. HP: 34/38 MP: 5/5
  1739 | D:3      | Found a faded altar of an unknown god.
  1891 | D:3      | Found a hide-covered altar of Uskayaw.
  2268 | D:4      | Noticed Grinder
  2270 | D:4      | Paralysed by Grinder for 6 turns
  2286 | D:4      | Killed Grinder
  2287 | D:4      | Reached skill level 10 in Polearms
  2287 | D:4      | Reached XP level 6. HP: 15/44 MP: 6/6
  2698 | D:4      | Reached skill level 11 in Polearms
  2698 | D:4      | Reached XP level 7. HP: 46/50 MP: 7/7
  2735 | D:4      | Found a transporter.
  2789 | D:4      | HP: 1/50 [orc priest/divine providence (13)]
  2789 | D:4      | Killed from afar by an orc priest

Illustrated notes

Levels and vault maps discovered:
D:1:      nzn_arrival_crosshair, layout_loops_ring
D:2:      layout_rooms, uniq_natasha
D:3:      layout_rooms, lemuel_tele_altar,
          hellmonk_ecumenical_altar_pennies_from_heaven
D:4:      gammafunk_steamed_eel, layout_basic, serial_shops, shop,
          kennysheep_nub, hex_tiny, minmay_misc_feat_tower, uniq_grinder,
          uniq_edmund

Skill      XL: |  1  2  3  4  5  6 |
---------------+-------------------+-----
Polearms       | 5 6 7 8 10 11 | 11.1
Fighting       | |  2.1
Throwing       | |  2.0
Dodging        | |  4.0

Action                   |  1- 3 |  4- 6 |  7- 9 || total
-------------------------+-------+-------+-------++-------
Melee: Trident           |    89 |   103 |    19 ||   211
       Punch             |     1 |       |       ||     1
Throw: Throwing net      |     1 |     1 |       ||     2
       Dart              |       |     4 |       ||     4
  Use: Scroll            |     2 |     9 |       ||    11
       Potion            |       |     1 |     1 ||     2
 Stab: Sleeping          |     2 |     2 |       ||     4
Armor: Leather armour    |    24 |    21 |     4 ||    49
Dodge: Dodged            |    51 |    45 |     7 ||   103
